 Dungeon Crawl Stone Soup version 0.29-a0-284-gf9362112df (webtiles) character file.

Game seed: 13460182895107373909

152 sokol815 the Firebug (level 5, -3/31 HPs)
             Began as an Octopode Fire Elementalist on Mar 26, 2022.
             Slain by a gnoll
             ... wielding a +0 halberd of venom
              (14 damage)
             ... on level 3 of the Dungeon.
             The game lasted 00:11:48 (2917 turns).

sokol815 the Firebug (Octopode Fire Elementalist)   Turns: 2917, Time: 00:11:49

Health: -3/31      AC:  1    Str:  7    XL:     5   Next: 34%
Magic:  4/8        EV: 13    Int: 20    God:
Gold:   180        SH:  0    Dex: 12    Spells: 3/8 levels left

rFire   . . .      SeeInvis .   a - +0 short sword
rCold   . . .      Faith    .   (no shield)
rNeg    . . .      Spirit   .   (helmet restricted)
rPois   .          Reflect  .   (no amulet)
rElec   .          Harm     .   (no ring)
rCorr   .          Rampage  .   (no ring)
Will    .....                   (no ring)
Stlth   +++.......              (no ring)
HPRegen 0.10/turn               (no ring)
MPRegen 0.11/turn               (no ring)
                                (no ring)
                                (no ring)

@: no status effects
A: almost no armour, amphibious, 8 rings, camouflage 1, gelatinous body 1,
(nimble swimmer 1), tentacles
a: no special abilities


You were on level 3 of the Dungeon.
You visited 1 branch of the dungeon, and saw 4 of its levels.

You collected 180 gold pieces.

Inventory:

Hand Weapons
 a - a +0 short sword (weapon)
   (You took it off a kobold on level 1 of the Dungeon)
 d - a +0 hunting sling
   (You took it off a kobold on level 1 of the Dungeon)
 j - a +3 flail
   (You took it off a gnoll on level 2 of the Dungeon)
Missiles
 e - 6 poisoned darts
 i - a throwing net {!d}
 s - 112 stones
Potions
 c - a potion of invisibility {unknown}
 B - a potion of brilliance
 M - a potion of magic
 U - a potion of mutation {!q}


   Skills:
 - Level 2.0 Dodging
 - Level 2.6 Stealth
 - Level 2.0 Spellcasting
 + Level 4.1 Conjurations
 + Level 4.1 Fire Magic


You had 3 spell levels left.
You knew the following spells:

 Your Spells              Type           Power      Damage    Failure   Level
a - Foxfire               Conj/Fire      72%        2x1d7     3%          1
b - Flame Wave            Conj/Fire      18%        2d6       28%         4

Your spell library contained the following spells:

 Spells                   Type           Power      Damage    Failure   Level
 Scorch                   Fire           36%        2d7       4%          2
 Conjure Flame            Conj/Fire      18%        6-21      9%          3
 Inner Flame              Hex/Fire       10%        N/A       21%         3
 Sublimation of Blood     Necr           2%         N/A       24%         2
 Wereblood                Tmut           2%         N/A       24%         2
 Summon Hydra             Summ           1%         N/A       100%        7


Dungeon Overview and Level Annotations

Branches:
Dungeon (4/15)
 Temple: D:4-7

Altars:

Annotations:
D:3 exclusion: gnoll, Grinder


Innate Abilities, Weirdness & Mutations

You cannot wear most types of armour.
You are amphibious.
You can wear up to eight rings at the same time.
Your skin changes colour to match your surroundings (Stealth+).
Your rubbery body absorbs attacks. (AC +1, EV +1)
((You are camouflaged when in or above water. (Stealth+)))
You have tentacles for arms and can constrict up to eight enemies at once.


Message History

You now have 7/8 mp.
The foxfire hits the giant cockroach but does no damage.
The foxfire hits the giant cockroach.
You conjure some foxfire!
You now have 6/8 mp.
The foxfire hits the giant cockroach.
You kill the giant cockroach!
You now have 156 gold pieces (gained 12).
Found an escape hatch in the floor.
MP restored: 8 A ball python comes into view.
There is a large open door here.
Grinder comes into view.
There is a large open door here.
The ball python hisses angrily.
There is a large open door here.
You conjure some foxfire!
You now have 7/8 mp.
The foxfire hits the ball python!
You kill the ball python!
You pick up a book of Blood and begin reading...
You add the spells Sublimation of Blood, Wereblood and Summon Hydra to your library.
MP restored: 8 This spell is extremely dangerous to cast!
Memorise Flame Wave, consuming 4 spell levels and leaving 3?
You start memorising the spell.
You continue memorising. x4
You finish memorising.
Spell assigned to 'b'.
A ball python comes into view.
You conjure some foxfire!
You now have 7/8 mp.
The ball python hisses angrily.
The foxfire hits the ball python.
You kill the ball python!
c - a smoky brown potion MP restored: 8
s - 112 stones (gained 28)
You open the door.
Found an escape hatch in the ceiling.
As you read the scroll labelled HIFOYSU SU ERA, it crumbles to dust.
It is a scroll of amnesia.
Really abort (and waste the scroll)?
Okay, then.
There is an open door here.
A hobgoblin comes into view.
Found 8 gold pieces.
Found a stone staircase leading down.
The helpless hobgoblin fails to defend itself.
You hit the hobgoblin.
You kill the hobgoblin!
You now have 172 gold pieces (gained 16).
A goblin comes into view. It is wielding a +0 club.
You conjure some foxfire!
You now have 7/8 mp.
The foxfire hits the goblin.
You kill the goblin!
You now have 180 gold pieces (gained 8).
There is a stone staircase leading down here.
MP restored: 8 You conjure some foxfire!
The gnoll shouts!
You now have 7/8 mp.
You conjure some foxfire!
The foxfire hits the gnoll.
You now have 6/8 mp.
The foxfire hits the gnoll but does no damage. x2
The foxfire hits the gnoll.
You conjure some foxfire!
You now have 5/8 mp.
You conjure some foxfire!
The foxfire hits the gnoll. x2
You kill the gnoll!
A gnoll comes into view. It is wielding a +0 club.
You now have 4/8 mp.
You conjure some foxfire!
The foxfire hits the gnoll.
The gnoll hits you from afar with a +0 halberd of venom!
You are poisoned.
A gnoll comes into view. It is wielding a +0 halberd.
You take 9 damage, and have 22/31 hp.
MASSIVE DAMAGE!!
You now have 3/8 mp.
You feel very sick.
The foxfire hits the gnoll. x2
You take 3 damage, and have 19/31 hp.
You feel sick.
You take 2 damage, and have 17/31 hp.
You feel sick.
You take 1 damage, and have 16/31 hp.
You feel sick.
You take 2 damage, and have 14/31 hp.
You feel sick.
You take 1 damage, and have 13/31 hp.
You feel sick.
You feel sick.
You take 1 damage, and have 12/31 hp.
You feel sick.
You are no longer poisoned.
You take 1 damage, and have 11/31 hp.
There is an escape hatch in the ceiling here.
The gnoll hits you from afar with a +0 halberd of venom!
You die...

#.......# #.# #.#.# #.# #.......#
#.###.#.########.# #.......#
#.#...............
#.......###.#.#.#.########.#
#...).........#...g...).g...
#.......###.#####.##.......#
######.......###.....g..#.###....
..........#####...g.....#.......#
########>.......@.###...#######.#
#..........# #...# ....
#..........# #...# .#.#
#..........# #...# #.#.#
##.#####.### #...# # # # #.#
##'### #...# # #.# #....# #.#
#....# ## #.# #....#


You could see 3 gnolls.

Vanquished Creatures
  3 adders
  5 gnolls
  A worm (D:2)
  2 dart slugs (D:1)
  An orc (D:2)
  6 ball pythons
  4 endoplasms (D:2)
  3 giant cockroaches
  5 goblins
  9 hobgoblins
  10 bats
  3 frilled lizards
  10 kobolds
  7 rats
69 creatures vanquished.

Vanquished Creatures (others)
  199 foxfires
199 creatures vanquished.

Grand Total: 268 creatures vanquished

Notes
Turn   | Place    | Note
-------+----------+-------------------------------------------
     0 | D:1      | sokol815 the Octopode Fire Elementalist began the quest for
                  | the Orb.
     0 | D:1      | Reached XP level 1. HP: 11/11 MP: 3/3
   211 | D:1      | Reached skill level 2 in Conjurations
   211 | D:1      | Reached XP level 2. HP: 17/17 MP: 1/5
   664 | D:1      | Reached XP level 3. HP: 21/21 MP: 6/6
   726 | D:1      | Reached skill level 3 in Conjurations
   758 | D:1      | Found a faded altar of an unknown god.
  1713 | D:2      | Reached XP level 4. HP: 23/27 MP: 2/7
  2030 | D:2      | Reached XP level 5. HP: 31/31 MP: 0/8
  2607 | D:3      | You fall into a shaft and drop 1 floor!
  2614 | D:4      | Reached skill level 4 in Conjurations
  2614 | D:4      | Reached skill level 4 in Fire Magic
  2747 | D:3      | Noticed Grinder
  2777 | D:3      | Learned a level 4 spell: Flame Wave
  2917 | D:3      | Slain by a gnoll

Illustrated notes

Levels and vault maps discovered:
D:1:      dpeg_arrival_court, layout_rooms, dreamdust_ecumenical_altar_statues,
          minmay_misc_feat_nine_boxes, kennysheep_minor_cross,
          minmay_misc_feat_rows
D:2:      minmay_chambers_of_twos, layout_loops_ring, minmay_misc_feat_room
D:3:      layout_basic, uniq_grinder
D:4:      layout_loops_ring, tso_metal_star, serial_glass, glass_columns_c,
          glass_columns_a, serial_shops, shop, minmay_misc_feat_four_crosses,
          uniq_pikel, uniq_natasha

Skill      XL: |  1  2  3  4  5 |
---------------+----------------+-----
Conjurations   | 2 3 4 |  4.1
Fire Magic     | 4 |  4.1
Dodging        | |  2.0
Stealth        | |  2.6
Spellcasting   | |  2.0

Action                   |  1- 3 |  4- 6 || total
-------------------------+-------+-------++-------
Melee: Short sword       |     7 |     6 ||    13
       Constrict         |     2 |     2 ||     4
       Tentacles         |     1 |     2 ||     3
       Punch             |       |     1 ||     1
 Cast: Foxfire           |    68 |    45 ||   113
  Use: Scroll            |       |     6 ||     6
 Stab: Sleeping          |     2 |     2 ||     4
Armor: Skin              |     3 |     2 ||     5
Dodge: Dodged            |     8 |     4 ||    12

Table legend: (Time is in decaauts)
 A = Elapsed time spent in this place.
 B = Non-inter-level travel time spent in this place.
 C = Inter-level travel time spent in this place.
 D = Time resting spent in this place.
 E = Time spent auto-exploring this place.
 F = Levels seen in this place.
 G = Mean time per level.
                   A        B        C        D        E       F      G
               +--------+--------+--------+--------+--------+-----+--------+
         Total |   2917 |   2876 |     41 |    704 |   1663 |   4 |  729.2 |
       Dungeon |   2917 |   2876 |     41 |    704 |   1663 |   4 |  729.2 |
               +--------+--------+--------+--------+--------+-----+--------+

Top non-repeatable levels by time:
     D:1: 1244 daAuts
     D:2: 1240 daAuts
     D:3: 383 daAuts
     D:4: 49 daAuts

Table legend:
 A = Kills in this place as a percentage of kills in entire the game.
 B = Kills by you in this place as a percentage of kills by you in the entire game.
 C = Kills by friends in this place as a percentage of kills by friends in the entire game.
 D = Other kills in this place as a percentage of other kills in the entire game.
 E = Experience gained in this place as a percentage of experience gained in the entire game.
 F = Experience gained in this place divided by the number of levels of this place that you have seen.
                   A       B       C       D       E      F
               +-------+-------+-------+-------+-------+----------------------
         Total | 100.0 | 100.0 |   N/A |   N/A | 100.0 |  54.5
       Dungeon | 100.0 | 100.0 |   N/A |   N/A | 100.0 |  54.5
               +-------+-------+-------+-------+-------+----------------------
